 Dungeon Crawl Stone Soup version 0.17-a0-2208-ge5ab1d3 (webtiles) character file.

1328 Goblin1989 the Basher (level 8, -2/44 HPs)
             Began as a Gargoyle Gladiator on Oct 26, 2015.
             Was a Follower of Makhleb.
             Slain by an orc warrior
             ... wielding a +0 hand axe
              (8 damage)
             ... in a bailey.
             The game lasted 00:21:45 (5028 turns).

Goblin1989 the Basher (Gargoyle Gladiator)          Turns: 5028, Time: 00:21:45

Health: -2/44      AC: 17    Str: 24    XL:     8   Next: 60%
Magic:  8/8        EV:  7    Int: 11    God:    Makhleb [*.....]
Gold:   376        SH:  0    Dex: 10    Spells: 0 memorised, 7 levels left

rFire  . . .     SeeInvis .     a - +0 flail
rCold  . . .     Clarity  .     f - +0 plate armour
rNeg   + . .     SustAt   +     (no shield)
rPois  ∞         Gourm    .     c - +0 helmet
rElec  +         Spirit   .     (no cloak)
rCorr  +         Warding  .     (no gloves)
rMut   .         Stasis   .     u - +0 pair of boots
MR     .....                    e - amulet of resist corrosion
Stlth  ..........               A - ring of sustain attributes
                                (no ring)

@: mighty, not resistant to hostile enchantments, extremely unstealthy
A: negative energy resistance 1, electricity resistance, unbreathing,
petrification resistance, rot immunity, AC +5
a: Renounce Religion


You were in a bailey.
You worshipped Makhleb.
Makhleb was aware of your devotion.
You were not hungry.

You visited 2 branches of the dungeon, and saw 8 of its levels.
You also visited: Bailey.

You collected 376 gold pieces.

Inventory:

Hand Weapons
 a - a +0 flail (weapon)
Missiles
 d - 3 throwing nets
 B - 20 javelins (quivered)
Armour
 c - a +0 helmet (worn)
 f - a +0 plate armour (worn)
 u - a +0 pair of boots (worn)
Jewellery
 e - an amulet of resist corrosion (around neck)
 A - a ring of sustain attributes (right hand)
 I - an uncursed ring of wizardry {unknown}
Wands
 w - a wand of enslavement (12)
 H - a wand of enslavement (18)
Scrolls
 g - a scroll of identify
 k - 5 scrolls of remove curse
 o - 3 scrolls of fog {unknown}
 p - a scroll of teleportation {unknown}
 v - a scroll of noise {unknown}
 y - 3 scrolls of blinking {unknown}
 C - a scroll of amnesia {unknown}
 F - 2 scrolls of random uselessness {unknown}
Potions
 h - 5 potions of lignification {unknown}
 j - 2 potions of agility {unknown}
 l - a potion of cancellation {unknown}
 m - a potion of might
 n - a potion of curing {unknown}
 r - a potion of resistance {unknown}
 s - a potion of haste {unknown}
 t - a potion of degeneration {unknown}
 x - 3 potions of invisibility {unknown}
 z - a potion of flight {unknown}
 D - a potion of experience {unknown}
 E - a potion of magic {unknown}
 K - a potion of brilliance {unknown}
Comestibles
 b - 10 bread rations
 i - 4 fruits
 G - a slice of pizza


   Skills:
 - Level 2.1 Fighting
 * Level 10.0 Maces & Flails
 + Level 3.6 Throwing
 - Level 2.4 Dodging


You had 7 spell levels left.
You didn't know any spells.

Dungeon Overview and Level Annotations

Branches:
Dungeon (7/15)             Temple (1/1) D:5

Altars:
Ashenzari
Cheibriados
Elyvilon
Gozag
Kikubaaqudgha
Makhleb
Okawaru
Qazlal
Ru
Sif Muna
Trog
Vehumet
Xom
Yredelemnul
Zin
The Shining One

Shops:
D:4 *


Innate Abilities, Weirdness & Mutations

You are resistant to torment.
Your stone body is resilient (AC +5).
You are immune to poison.
You resist negative energy.
You are resistant to electric shocks.
You can survive without breathing.
You are immune to petrification.
You are immune to rotting.


Message History

You are too injured to fight recklessly!
You are too injured to fight recklessly!
You are too injured to fight recklessly!
You are too injured to fight recklessly!
You are too injured to fight recklessly!
You are too injured to fight recklessly!
You are too injured to fight recklessly!
You are too injured to fight recklessly!
You are too injured to fight recklessly!
You are too injured to fight recklessly!
You are too injured to fight recklessly!
You are too injured to fight recklessly!
You are too injured to fight recklessly!
You are too injured to fight recklessly!
You are too injured to fight recklessly!
You are too injured to fight recklessly!
Drink which item? (? for menu, Esc to quit)
You feel very mighty all of a sudden.
The orc warrior hits you with a hand axe!
You die...

## ♣♣♣♣♣ +#.##
♣♣.♣.♣ .....##
♣♣♣....♣
.......##......♣♣
........#.......♣♣
........'.....g..♣
..⌠.....'..∩.oo@♣
........'.......♣
........#.......♣
.......##......♣♣
.....## ♣♣......♣
+#.## ♣♣♣♣..♣♣ ##
♣♣♣♣


You could see 2 orc warriors and a goblin.

Vanquished Creatures
  The ghost of Goblin1989 the Insei, an amateur DsMo (D:4)
  Sigmund (D:3)
  A water moccasin (D:6)
  An ogre (D:5)
  A centaur (D:5)
  A wyvern skeleton (D:6)
  A scorpion (D:4)
  2 crimson imps (D:6)
  A centaur zombie (D:6)
  A giant frog skeleton (D:4)
  4 hounds
  3 iguanas
  An orc priest (D:6)
  2 orc wizards
  A hound skeleton (D:5)
  A hound zombie (D:6)
  5 adders
  A shadow imp (D:6)
  An ooze (D:1)
  An adder zombie (D:6)
  5 worms
  5 giant geckos
  9 orcs
  3 bats (D:1)
  3 giant cockroaches
  7 hobgoblins
  6 jackals
  3 kobolds
  4 quokkas
  4 ball pythons
  7 giant newts
  3 goblins
  A quokka skeleton (D:4)
  5 rats
96 creatures vanquished.

Notes
Turn   | Place    | Note
--------------------------------------------------------------
     0 | D:1      | Goblin1989 the Gargoyle Gladiator began the quest for the Orb.
     0 | D:1      | Reached XP level 1. HP: 12/12 MP: 1/1
   179 | D:1      | Reached XP level 2. HP: 14/17 MP: 2/2
   389 | D:1      | Reached skill level 4 in Maces & Flails
   540 | D:1      | Reached XP level 3. HP: 21/21 MP: 3/3
   815 | D:2      | Found a deep blue altar of Sif Muna.
   956 | D:2      | Reached XP level 4. HP: 21/26 MP: 4/4
  1105 | D:3      | Reached skill level 5 in Maces & Flails
  1139 | D:3      | Noticed Sigmund
  1160 | D:3      | Killed Sigmund
  1160 | D:3      | Reached skill level 6 in Maces & Flails
  1160 | D:3      | Reached XP level 5. HP: 12/30 MP: 5/5
  1160 | D:3      | Reached XP level 6. HP: 14/35 MP: 6/6
  1400 | D:3      | Found a bloodstained altar of Trog.
  1637 | D:3      | Found a white marble altar of Elyvilon.
  1842 | D:4      | Noticed Goblin1989's ghost (amateur DsMo)
  2085 | D:4      | Reached skill level 7 in Maces & Flails
  2094 | D:4      | Killed Goblin1989's ghost
  2094 | D:4      | Reached skill level 8 in Maces & Flails
  2094 | D:4      | Reached XP level 7. HP: 26/40 MP: 7/7
  2437 | D:4      | Found Kote Eseoq's Elemental Accessories.
  2673 | D:5      | Entered Level 5 of the Dungeon
  2815 | D:5      | Found a staircase to the Ecumenical Temple.
  2821 | Temple   | Entered the Ecumenical Temple
  2888 | Temple   | Became a worshipper of Makhleb the Destroyer
  3277 | D:5      | Found a snail-covered altar of Cheibriados.
  3307 | D:5      | Reached skill level 9 in Maces & Flails
  3307 | D:5      | Reached XP level 8. HP: 20/44 MP: 8/8
  4119 | D:6      | Reached * piety under Makhleb
  4660 | D:6      | Reached skill level 10 in Maces & Flails
  4985 | D:7      | Found a flagged portal.
  4992 | Bailey   | Entered a bailey
  5028 | Bailey   | Slain by an orc warrior

Vault maps used:
D:1:      dpeg_arrival_rooms_b
D:2:      lemuel_blue_sif_altar
D:3:      lightli_temple_of_fire, elyvilon_altar_3, first_bread,
          minmay_misc_feat_alley, uniq_sigmund
D:4:      nicolae_overflow_hidden_temple, nicolae_elemental_shop
D:5:      minmay_temple_entry_hall, chei_slow_surprise
D:7:      serial_shops, kennysheep_mini, enter_bailey_2
Temple:   circular_temple_13
Bailey:   bailey_axe_minmay_hex_keep, bailey

Action                   |  1- 3 |  4- 6 |  7- 9 || total
-------------------------+-------+-------+-------++-------
Melee: Flail             |    84 |   152 |   236 ||   472
  Use: Scroll            |       |     2 |       ||     2
       Potion            |       |     1 |     1 ||     2
  Eat: Chunk             |       |     4 |     6 ||    10
       Meat ration       |       |       |     1 ||     1
       Beef jerky        |       |       |     1 ||     1
